 Dungeon Crawl Stone Soup version 0.31-a0-1499-ge0622b2318 (webtiles) character file.

Game seed: 1897549496337780286

119 Curundu the Slasher (level 4, -1/41 HPs)
             Began as a Minotaur Berserker on Dec 29, 2023.
             Was a Believer of Trog.
             Slain by an orc
             ... wielding a +0 trident
              (7 damage)
             ... on level 3 of the Dungeon.
             The game lasted 00:04:24 (1192 turns).

Curundu the Slasher (Minotaur Berserker)            Turns: 1192, Time: 00:04:25

Health: -1/41      AC:  6    Str: 23    XL:     4   Next: 74%
Magic:  3/3        EV: 10    Int:  4    God:    Trog [**....]
Gold:   38         SH:  0    Dex: 10    Spells: 3/3 levels left

rFire   . . .        d - +3 dagger (holy)
rCold   . . .        (no shield)
rNeg    . . .        j - +0 scale mail
rPois   .            (helmet restricted)
rElec   .            (no cloak)
rCorr   .            (no gloves)
SInv    .            (no boots)
Will    .....        (no amulet) Stlth
                     (no ring)
HPRegen 0.26/turn    (no ring)
MPRegen 0.08/turn

%: no passive effects
@: confused
A: horns 2, retaliatory headbutt
a: Renounce Religion, Berserk, Trog's Hand


You were on level 3 of the Dungeon.
You worshipped Trog.
Trog was pleased with you.
You visited 1 branch of the dungeon, and saw 3 of its levels.

You collected 38 gold pieces.

Inventory:

Hand Weapons
 a - a +0 falchion
 d - a +3 dagger of holy wrath (weapon)
Armour
 b - a +0 animal skin
 j - a +0 scale mail (worn)
Jewellery
 i - a ring of protection from fire
Scrolls
 f - 2 scrolls of identify {unknown}
 g - 3 scrolls of fear {unknown}
 h - a scroll of teleportation {unknown}
Potions
 c - a potion of heal wounds {unknown}
 e - 2 potions of invisibility {unknown}


   Skills:
 + Level 4.6 Fighting
 + Level 1.0(3.2) Short Blades
 + Level 5.3(5.4) Long Blades
 + Level 2.7 Armour
 + Level 2.8 Dodging


You had 3 spell levels left.
You didn't know any spells.
Your spell library was empty.

Dungeon Overview and Level Annotations

Branches:
Dungeon (3/15)

Altars:

Shops:
D:2 (


Innate Abilities, Weirdness & Mutations

You have a pair of horns on your head.
You reflexively headbutt those who attack you in melee.


Message History

An orc comes into view. It is wielding a +0 trident.
An orc wizard comes into view. It is wielding a +0 dagger.
A bat comes into view.
The orc wizard gestures wildly while chanting.
The orc wizard flickers and vanishes!
Deactivating autopickup; reactivate with Ctrl-A.
The orc hits you with a +0 flail!
The orc priest invokes the aid of Beogh against you.
Pain shoots through your body! The bat hits you but does no damage.
The bat barely misses you.
You hit the bat.
You kill the bat!
Trog accepts your kill.
You hit the orc. You headbutt the orc.
You kill the orc!
Trog accepts your kill.
The orc priest invokes the aid of Beogh against you.
Pain shoots through your body! The orc barely misses you.
You see here a +0 flail.
The orc misses you.
You hear some strange, mumbled words.
You are confused.
The orc priest hits you with a +0 dagger.
* * * LOW HITPOINT WARNING * * *
You barely miss something. The orc hits you with a +0 trident.
* * * LOW HITPOINT WARNING * * *
Something hits you.
* * * LOW HITPOINT WARNING * * *
The orc priest hits you with a +0 dagger.
* * * LOW HITPOINT WARNING * * *
You hit the orc.
The orc is heavily wounded.
The orc barely misses you.
You're too confused to move!
Something hits you but does no damage.
The orc priest hits you with a +0 dagger.
* * * LOW HITPOINT WARNING * * *
The orc hits you with a +0 trident!
You die...

..#.#.#.##.#...##########.#
..#.#.#.##.#...###........#
###.#.#.##.#...'...#.#.####
....#.#.##.#...#####.#.#
#####.#.##.#...#####.#.# #
..#.##.#...#.....#.# #
...##.#...#.#####.# #
..#...#)# #.# #
#...#@#####.# #
#...{oo...#.# # +.........#
# #.[.......# # #.........#
# ###.........# #
#.......### # #.......# #
#.......#


You could see an orc priest and an orc.

Vanquished Creatures
  Terence (D:2)
  An adder (D:2)
  A gnoll (D:1)
  2 ribbon worms
  A dart slug (D:3)
  3 orcs (D:3)
  9 ball pythons
  6 endoplasms (D:1)
  3 giant cockroaches
  2 goblins (D:1)
  5 hobgoblins
  A jackal (D:1)
  3 quokkas (D:1)
  5 bats
  2 frilled lizards (D:1)
  2 kobolds (D:1)
  5 rats
52 creatures vanquished.

Notes
Turn   | Place    | Note
-------+----------+-------------------------------------------
     0 | D:1      | Curundu the Minotaur Berserker began the quest for the Orb.
     0 | D:1      | Reached XP level 1. HP: 19/19 MP: 0/0
   208 | D:1      | Reached XP level 2. HP: 27/27 MP: 1/1
   221 | D:1      | Reached skill level 4 in Long Blades
   314 | D:1      | Found a faded altar of an unknown god.
   451 | D:1      | Reached XP level 3. HP: 31/33 MP: 2/2
   540 | D:1      | Reached ** piety under Trog
   806 | D:2      | Noticed Terence
   818 | D:2      | Reached XP level 4. HP: 15/41 MP: 3/3
   824 | D:2      | HP: 2/41 [Terence/+0 hand axe (4)]
   827 | D:2      | Killed Terence
   828 | D:2      | Reached skill level 5 in Long Blades
   952 | D:2      | Found Forphig's Weapon Emporium.
   958 | D:2      | You fall into a shaft and drop 1 floor!
   970 | D:3      | Reached skill level 1 in Short Blades
  1192 | D:3      | Slain by an orc

Illustrated notes

Levels and vault maps discovered:
D:1:      co_arrival_square_in_a_square_in_a_square, layout_basic,
          ebering_ecumenical_altar_box, minmay_bisected
D:2:      minmay_razor_zed, layout_basic, serial_shops,
          nicolae_shop_just_a_little_nook, nicolae_diamond_shop, shop, shop,
          shop, uniq_terence
D:3:      layout_basic, nicolae_overflow_crystal_walls

Skill      XL: |  1  2  3  4 |
---------------+-------------+-----
Fighting       | 4 |  4.6
Long Blades    | 4 5 |  5.3
Short Blades   | 1 |  1.0
Armour         | |  2.7
Dodging        | |  2.8

Action                     |  1- 3 |  4- 6 || total
---------------------------+-------+-------++-------
  Melee: Falchion          |    26 |       ||    26
         Headbutt          |     9 |     9 ||    18
         Dagger            |    60 |    34 ||    94
         Punch             |     1 |     1 ||     2
 Invoke: Trog's Hand       |       |     1 ||     1
 Armour: Animal skin       |    42 |    18 ||    60
         Scale mail        |       |     9 ||     9
  Dodge: Dodged            |    72 |    21 ||    93

Table legend: (Time is in decaauts)
 A = Elapsed time spent in this place.
 B = Non-inter-level travel time spent in this place.
 C = Inter-level travel time spent in this place.
 D = Time resting spent in this place.
 E = Time spent auto-exploring this place.
 F = Levels seen in this place.
 G = Mean time per level.
                   A        B        C        D        E       F      G
               +--------+--------+--------+--------+--------+-----+--------+
         Total |   1179 |   1179 |      0 |     43 |    767 |   3 |  393.0 |
       Dungeon |   1179 |   1179 |      0 |     43 |    767 |   3 |  393.0 |
               +--------+--------+--------+--------+--------+-----+--------+

Top non-repeatable levels by time:
     D:1: 773 daAuts
     D:3: 229 daAuts
     D:2: 176 daAuts
